 Dungeon Crawl Stone Soup version 0.30.1-4-g462c640d31 (webtiles) character file.

Game seed: 15258702133178702927

128 rvierbuc the Conjurer (level 4, -2/34 HPs)
             Began as a Demigod Conjurer on Aug 20, 2023.
             Slain by an ogre
             ... wielding a +0 giant club
              (36 damage)
             ... on level 3 of the Dungeon.
             The game lasted 00:07:09 (1887 turns).

rvierbuc the Conjurer (Demigod Conjurer)            Turns: 1887, Time: 00:07:09

Health: -2/34      AC:  4    Str:  8    XL:     4   Next: 58%
Magic:  8/11       EV: 12    Int: 24    God:
Gold:   35         SH:  0    Dex: 12    Spells: 5/8 levels left

rFire   . . .        n - +3 quarterstaff (chaos)
rCold   . . .        (shield currently unavailable)
rNeg    . . .        a - +0 robe
rPois   .            (no helmet)
rElec   .            o - +0 cloak
rCorr   .            (no gloves)
SInv    .            g - +0 pair of boots
Will    .....        d - amulet of magic regeneration
Stlth   ++           (no ring)
HPRegen 0.25/turn    (no ring)
MPRegen 0.52/turn

%: no passive effects
@: no status effects
A: high MP 1, forlorn, divine attributes
a: no special abilities


You were on level 3 of the Dungeon.
You visited 1 branch of the dungeon, and saw 3 of its levels.

You collected 35 gold pieces.

Inventory:

Hand Weapons
 l - a +1 dagger of venom
 n - a +3 quarterstaff of chaos (weapon)
Missiles
 i - 5 atropa-tipped darts
Armour
 a - a +0 robe (worn)
 g - a +0 pair of boots (worn)
 o - a +0 cloak (worn)
Jewellery
 d - an amulet of magic regeneration (around neck)
 m - an amulet of reflection
Scrolls
 c - 3 scrolls of identify {unknown}
 e - a scroll of teleportation {unknown}
 j - a scroll of brand weapon {unknown}
 k - a scroll of immolation {unknown}
 p - a scroll of blinking {unknown}
Potions
 b - a potion of magic
 f - 2 potions of curing {unknown}
 h - 2 potions of ambrosia {unknown}


   Skills:
 + Level 0.5 Fighting
 + Level 2.1 Dodging
 + Level 2.2 Stealth
 + Level 2.8 Spellcasting
 + Level 4.6 Conjurations


You had 5 spell levels left.
You knew the following spells:

 Your Spells              Type           Power      Damage    Failure   Level
a - Magic Dart            Conj           100%       1d8       1%          1
b - Searing Ray           Conj           50%        2d6       2%          2

Your spell library contained the following spells:

 Spells                   Type           Power      Damage    Failure   Level
 Dazzling Flash           Conj/Hex       28%        N/A       13%         3
 Gell's Gravitas          Tloc           3%         N/A       32%         3
 Teleport Other           Tloc           3%         N/A       32%         3
 Fulminant Prism          Conj/Hex       7%         3d7       38%         4
 Iskenderun's Mystic Bla  Conj/Tloc      14%        2d5       38%         4
 Dispersal                Tloc           1%         N/A       100%        6


Dungeon Overview and Level Annotations

Branches:
Dungeon (3/15)


Innate Abilities, Weirdness & Mutations

You have an increased reservoir of magic. (+10% MP)
You shall have no god before yourself.
Your divine heritage dramatically boosts your attributes as you level up.


Message History

The magic dart hits the endoplasm.
The endoplasm is moderately wounded.
The magic dart hits the endoplasm!
You kill the endoplasm!
Things that are here:
a +0 short sword; a kobold corpse A hobgoblin comes into view.
The magic dart hits the hobgoblin.
You kill the hobgoblin!
You can't see any susceptible monsters within range! (Use Z to cast anyway.)
You start resting.
Magic restored.
A frilled lizard, a ball python, an ogre and a rat come into view.
Found a scroll labelled HEEMIRETTO, a fizzy grey potion and 13 gold pieces.
The ball python hisses angrily.
The ogre shouts!
The frilled lizard hisses angrily.
The ogre closely misses you. The frilled lizard misses you.
The rat twitches its whiskers.
Casting: Magic Dart (safe; 1% risk of failure)
Confirm with . or Enter, or press ? or * to list all spells.
Aiming: Searing Ray (safe; 2% risk of failure)
Press: ? - help, Shift-Dir - straight line, f - frilled lizard
Aim: a frilled lizard (66% to hit)
The searing ray hits the frilled lizard.
You kill the frilled lizard!
The searing ray misses the ogre.
The searing ray hits the ball python!
You kill the ball python! (Press . to maintain the ray.)
The searing ray hits the ogre!
The ogre is moderately wounded.
The ogre closely misses you.
The searing ray hits the ogre!
The ogre is heavily wounded.
The searing ray hits the rat!
You kill the rat!
The searing ray hits the ogre!
The ogre is almost dead.
You finish channelling your searing ray.
The ogre hits you with a +0 giant club!!!
Ouch! That really hurt!
You die...

####...#..#...+. #..
+.........#.#.#. #####..
####........#... .......
#...###...... .......
##...#$#.....# .......
##..##.##.....#
.......######...#.#....##..
.......#......##.# ..#.##..
..........@O).#.#.. ##.....
..........####.# ..# ####.#
####......#?S.#...## #.#
#......#!.r ..## #
#......#$.. ...#
#......#### ##..# #.......
.†.. #......## #...
######## ...


You could see an ogre.

Vanquished Creatures
  Crazy Yiuf (D:2)
  A sleepcap (D:2)
  An adder (D:2)
  2 worms (D:2)
  A dart slug (D:1)
  3 endoplasms
  3 giant cockroaches
  A goblin (D:1)
  6 hobgoblins
  7 jackals
  A quokka (D:1)
  3 ball pythons
  8 bats
  3 frilled lizards
  6 kobolds
  7 rats
54 creatures vanquished.

Notes
Turn   | Place    | Note
-------+----------+-------------------------------------------
     0 | D:1      | rvierbuc the Demigod Conjurer began the quest for the Orb.
     0 | D:1      | Reached XP level 1. HP: 14/14 MP: 5/5
   171 | D:1      | Reached skill level 4 in Conjurations
   304 | D:1      | Reached XP level 2. HP: 22/22 MP: 1/7
   309 | D:1      | Learned a level 2 spell: Searing Ray
   731 | D:2      | Reached XP level 3. HP: 27/27 MP: 6/8
   986 | D:2      | Found a runed translucent door.
   987 | D:2      | Noticed Crazy Yiuf
  1344 | D:2      | Reached XP level 4. HP: 6/34 MP: 1/10
  1726 | D:2      | Killed Crazy Yiuf
  1879 | D:3      | Noticed an ogre
  1887 | D:3      | Slain by an ogre

Illustrated notes

Levels and vault maps discovered:
D:1:      noname_arrival_rooms_in_the_neighbourhood, layout_rooms, fountainhead,
          minmay_octomino_e4
D:2:      layout_basic, shapermc_ecumenical_altar_starsandcircs,
          uniq_crazy_yiuf_cottage
D:3:      layout_basic, minmay_vboxes

Skill      XL: |  1  2  3 |
---------------+----------+-----
Conjurations   | 4 |  4.6
Spellcasting   | 2 |  2.8
Stealth        | 2 |  2.2
Dodging        | 2 |  2.1
Fighting       | |  0.5

Action                     |  1- 3 |  4- 6 || total
---------------------------+-------+-------++-------
  Melee: Quarterstaff      |       |     9 ||     9
         Dagger            |       |     1 ||     1
   Cast: Magic Dart        |    76 |     8 ||    84
         Searing Ray       |     4 |     2 ||     6
 Armour: Robe              |     1 |     1 ||     2
  Dodge: Dodged            |     6 |    12 ||    18
